 Dungeon Crawl Stone Soup version 0.28.0-43-g3370ac3207 (webtiles) character file.

Game seed: 11715157011897900077

423 cbfl8 the Sneak (level 6, -9/53 HPs)
             Began as a Minotaur Delver on Mar 23, 2022.
             Killed by divine providence
             ... invoked by an orc priest
              (10 damage)
             ... on level 4 of the Dungeon.
             The game lasted 00:09:12 (4934 turns).

cbfl8 the Sneak (Minotaur Delver)                   Turns: 4934, Time: 00:09:13

Health: -9/53      AC:  5    Str: 16    XL:     6   Next: 63%
Magic:  5/5        EV: 11    Int:  7    God:
Gold:   158        SH:  0    Dex: 14    Spells: 5/5 levels left

rFire   . . .      SeeInvis .   p - +2 flail (protect)
rCold   . . .      Faith    .   (no shield)
rNeg    . . .      Spirit   .   d - +0 ring mail
rPois   .          Reflect  .   (helmet restricted)
rElec   .          Harm     .   (no cloak)
rCorr   .          Rampage  .   (no gloves)
Will    .....                   (no boots)
Stlth   ++........              (no amulet)
HPRegen 0.17/turn               (no ring)
MPRegen 0.09/turn               (no ring)

@: hasted, very quick
A: horns 2, retaliatory headbutt
a: no special abilities


You were on level 4 of the Dungeon.
You visited 1 branch of the dungeon, and saw 5 of its levels.

You collected 158 gold pieces.

Inventory:

Hand Weapons
 a - a +0 hand axe
 p - a +2 flail of protection (weapon)
Missiles
 q - a throwing net (quivered)
Armour
 b - a +0 leather armour
 d - a +0 ring mail (worn)
Wands
 g - a wand of digging (11)
Scrolls
 c - a scroll of fog
 h - a scroll of brand weapon {unknown}
 i - 3 scrolls of identify {unknown}
 j - 2 scrolls of summoning {unknown}
 k - a scroll of vulnerability {unknown}
 m - 2 scrolls of teleportation {unknown}
 r - a scroll of enchant weapon {unknown}
 t - a scroll of holy word {unknown}
Potions
 f - 2 potions of haste
 l - a potion of heal wounds {unknown}
 n - 2 potions of mutation {unknown}
 o - a potion of brilliance {unknown}
 s - a potion of flight {unknown}


   Skills:
 + Level 4.6 Fighting
 + Level 4.2 Axes
 + Level 0.9(2.7) Maces & Flails
 + Level 3.3 Armour
 + Level 2.9 Dodging
 + Level 5.8 Stealth


You had 5 spell levels left.
You didn't know any spells.
Your spell library contained the following spells:

 Spells                   Type           Power      Damage    Failure   Level
 Slow                     Hex            0%         N/A       65%         1
 Confusing Touch          Hex            0%         N/A       95%         3
 Vampiric Draining        Necr           0%         2d6       95%         3


Dungeon Overview and Level Annotations

Branches:
Dungeon (5/15)
 Temple: D:4-7

Altars:
Ashenzari

Shops:
D:5 ??

Annotations:
D:4 Dowan; Duvessa
D:5 1 runed translucent door, jr88keys's ghost, novice OpFi


Innate Abilities, Weirdness & Mutations

You have a pair of horns on your head.
You reflexively headbutt those who attack you in melee.


Message History

The orc wizard casts a spell at you.
You are confused.
You closely miss the orc wizard.
The orc wizard is moderately wounded.
The orc wizard hits you with a +0 dagger.
You hit the orc wizard.
Your weapon exudes an aura of protection.
The orc wizard is severely wounded.
The orc wizard points at you and mumbles some strange words.
The magic dart hits you.
* * * LOW HITPOINT WARNING * * *
The orc wizard casts a spell at you. The magic dart hits you.
* * * LOW HITPOINT WARNING * * *
You closely miss the orc wizard.
You headbutt the orc wizard, but do no damage.
The orc wizard is severely wounded.
The orc wizard gestures at you while chanting.
The puff of flame hits you.
* * * LOW HITPOINT WARNING * * *
You bump into the rock wall.
The orc wizard hits you but does no damage.
You feel less confused. The orc wizard closely misses you.
You barely miss the orc wizard.
The orc wizard is severely wounded.
The orc wizard hits you but does no damage.
You sock the orc wizard!
Your weapon exudes an aura of protection.
You kill the orc wizard!
The orc seems to regain its courage.
You feel yourself speed up. The orc completely misses you.
The orc barely misses you.
You see here 18 arrows.
The orc priest calls down the wrath of Beogh upon you.
Pain shoots through your body!
* * * LOW HITPOINT WARNING * * *
The orc priest invokes the aid of Beogh against you.
Beogh smites you!
You die...

# #.# ## #.# .# #.## .# #..#
.# ##.# †# ############.# .#
#............# .##
#....######### .##
#....o..@....#######
#########..(...#####........
##..........o........###...#
#.#####....#.####..## .# .#
##...#....#..# ## .#
###.#####.#..## .. .#
#.#.......#...#####..
#....######...#.....#
#######...........<###.#


You could see an orc priest and an orc.

Vanquished Creatures
  A bullfrog (D:5)
  A howler monkey (D:5)
  2 bullfrog zombies (D:5)
  An orc priest (D:2)
  An iguana (D:5)
  An orc wizard (D:4)
  2 adders
  8 gnolls (D:3)
  2 worms
  2 dart slugs
  7 orcs
  6 bats
  4 endoplasms
  6 giant cockroaches
  8 goblins
  5 hobgoblins
  7 kobolds
  3 quokkas
  5 ball pythons
  4 frilled lizards
  2 rats
78 creatures vanquished.

Vanquished Creatures (others)
  7 plants (D:2)
7 creatures vanquished.

Grand Total: 85 creatures vanquished

Notes
Turn   | Place    | Note
-------+----------+-------------------------------------------
     0 | D:5      | cbfl8 the Minotaur Delver began the quest for the Orb.
     0 | D:5      | Reached XP level 1. HP: 19/19 MP: 0/0
    10 | D:5      | Found a runed translucent door.
    11 | D:5      | Noticed jr88keys's ghost (novice OpFi)
    12 | D:5      | Noticed a bullfrog
    21 | D:5      | Noticed an iguana
    28 | D:5      | Noticed an iguana
    93 | D:5      | Found Ycod's Magic Scroll Shop.
   115 | D:5      | Reached XP level 2. HP: 21/27 MP: 1/1
   115 | D:5      | Reached XP level 3. HP: 25/33 MP: 2/2
   329 | D:5      | Found Mimef's Magic Scroll Shoppe.
   380 | D:4      | Noticed a bullfrog
   403 | D:5      | Killed a bullfrog
   404 | D:5      | Reached skill level 1 in Armour
   404 | D:5      | Reached skill level 5 in Stealth
   404 | D:5      | Reached XP level 4. HP: 18/40 MP: 3/3
   535 | D:5      | Reached XP level 5. HP: 15/46 MP: 4/4
   966 | D:5      | Noticed a necrophage
  2535 | D:2      | Found a broken altar of Ashenzari.
  3124 | D:2      | Reached XP level 6. HP: 35/53 MP: 5/5
  4699 | D:4      | Noticed Duvessa
  4699 | D:4      | Noticed Dowan
  4931 | D:4      | HP: 1/53 [orc priest/nerve-wracking pain (7)]
  4934 | D:4      | Killed from afar by an orc priest

Illustrated notes

Levels and vault maps discovered:
D:1:      onia_arrival_pyramid, layout_rooms
D:2:      cheibrodos_old_hovel, layout_basic, basic_altar, nrook_mini_backslash,
          grunt_ministairs_10
D:3:      layout_basic
D:4:      layout_rooms, hellmonk_ghost_happy_afterlife, serial_co_window_serial,
          co_window_paths_a, co_window_paths_a, co_window_corner_a,
          co_window_paths_a, co_window_of_opportunity_a, co_window_paths_a,
          co_window_paths_a, co_window_corner_cb, co_window_broadway_b,
          co_window_corner_b, co_window_of_opportunity_c, co_window_paths_c,
          co_window_corner_b, co_window_2corner, glass_columns_a, uniq_duvessa
D:5:      layout_loops_ring, ebering_ghost_sewer_f, serial_shops,
          kennysheep_mini_moat, nicolae_shop_advertising_works
          [nicolae_subvault_shop_adworks], kennysheep_generic_room_6

Skill      XL: |  1  2  3  4  5  6 |
---------------+-------------------+-----
Fighting       | 4 |  4.6
Armour         | 1 2 3 |  3.3
Stealth        | 5 |  5.8
Axes           | 3 4 |  4.2
Maces & Flails | |  0.9
Dodging        | |  2.9

Action                   |  1- 3 |  4- 6 || total
-------------------------+-------+-------++-------
Melee: Hand axe          |    15 |   149 ||   164
       Headbutt          |     5 |    30 ||    35
       Punch             |     1 |     3 ||     4
       Flail             |       |    30 ||    30
  Use: Scroll            |     1 |     1 ||     2
       Potion            |       |     1 ||     1
 Stab: Sleeping          |       |     8 ||     8
Armor: Ring mail         |    10 |    53 ||    63
Dodge: Dodged            |    13 |   120 ||   133
